 Dungeon Crawl Stone Soup version 0.28-a0-1382-g92835e5c71 (webtiles) character file.

Game seed: 9292830635239757810

13769 frimble the Slicer (level 11, -3/84 HPs)
             Began as a Demonspawn Warper on Dec 31, 2021.
             Was the Champion of Uskayaw.
             Slain by a death yak (15 damage)
             ... on level 2 of the Lair of Beasts on Jan 2, 2022.
             The game lasted 00:17:11 (15931 turns).

frimble the Slicer (Demonspawn Warper)             Turns: 15931, Time: 00:17:12

Health: -3/84      AC:  7    Str: 12    XL:     11   Next: 79%
Magic:  16/16      EV: 14    Int: 19    God:    Uskayaw [******]
Gold:   810        SH:  5    Dex: 12    Spells: 5/14 levels left

rFire   . . .      SeeInvis +   x - +10 rapier "Voeshaun" {elec, Drain rElec rC+}
rCold   + . .      Faith    .   D - +0 buckler
rNeg    . . .      Spirit   .   L - +3 troll leather armour
rPois   .          Reflect  .   (helmet restricted)
rElec   +          Harm     .   (no cloak)
rCorr   .          Rampage  .   (no gloves)
Will    .....                   (no boots)
Stlth   +++.......              (no amulet)
HPRegen 1.04/turn               A - +4 ring of evasion
MPRegen 0.15/turn               y - +4 ring of evasion

@: about to teleport, petrifying, very slow
A: hooves 2, demonic magic 1, weakness stinger 1, demonic touch 2, antennae 1,
see invisible, subdued magic 1
a: Renounce Religion, Stomp, Line Pass, Grand Finale


You were on level 2 of the Lair of Beasts.
You worshipped Uskayaw.
Uskayaw was noncommittal.
You visited 3 branches of the dungeon, and saw 14 of its levels.
You also visited: Ossuary.

You collected 810 gold pieces.

Inventory:

Hand Weapons
 k - the +6 dagger of Conscience {antimagic, Int+5}
   (You found it on level 2 of the Dungeon)

   It reduces the magical energy of the wielder, and disrupts the spells and
   magical abilities of those it strikes.
   Natural abilities and divine invocations are not affected.
   Int:       It affects your intelligence (+5).
 x - the +10 rapier "Voeshaun" (weapon) {elec, Drain rElec rC+}
   (You acquired it on level 6 of the Dungeon)

   It occasionally discharges a powerful burst of electricity upon striking a
   foe.
   rC:        It protects you from cold.
   rElec:     It insulates you from electricity.
   Drain:     It drains your maximum health when unequipped.
Missiles
 d - 8 boomerangs of dispersal
 m - 4 throwing nets
 n - 3 boomerangs (quivered)
Armour
 D - a +0 buckler (worn)
 E - a +0 chain mail
 L - a +3 troll leather armour (worn)
Jewellery
 l - the ring "Ecrizos" {Fly rF- rN++ SInv Stlth+}
   (You found it on level 5 of the Dungeon)

   [ring of see invisible]

   rF:        It makes you vulnerable to fire.
   rN:        It greatly protects you from negative energy.
   SInv:      It lets you see invisible.
   Fly:       It grants you flight.
   Stlth:     It makes you more stealthy.
 y - a +4 ring of evasion (right hand)
 A - a +4 ring of evasion (left hand)
 B - a ring of protection from cold
 C - a ring of willpower
Wands
 e - a wand of iceblast (12)
 r - a wand of flame (16)
 H - a wand of digging (5)
Scrolls
 c - a scroll of blinking
 g - 2 scrolls of amnesia {unknown}
 o - 2 scrolls of enchant weapon
 p - 3 scrolls of teleportation
 F - 4 scrolls of magic mapping
 I - a scroll of fog
 K - a scroll of silence
Potions
 a - 2 potions of attraction
 b - a potion of lignification
 f - 3 potions of mutation
 h - 4 potions of ambrosia
 j - a potion of berserk rage {unknown}
 q - a potion of degeneration
 s - a potion of cancellation
 t - a potion of brilliance
 u - 4 potions of haste
 v - 4 potions of curing
 w - 2 potions of magic
 z - a potion of flight
 G - a potion of resistance
Miscellaneous
 J - a phantom mirror (inert)


   Skills:
 + Level 7.3 Fighting
 + Level 10.8 Short Blades
 - Level 0.8 Throwing
 - Level 2.9 Armour
 - Level 3.0 Dodging
 - Level 7.3 Stealth
 - Level 4.0 Shields
 - Level 1.8 Unarmed Combat
 - Level 2.0 Spellcasting
 - Level 2.6 Translocations
 + Level 4.5 Transmutations
 + Level 7.3 Invocations
 - Level 5.0 Evocations


You had 5 spell levels left.
You knew the following spells:

 Your Spells              Type           Power      Damage    Failure   Level
a - Blink                 Tloc           18%        N/A       9%          2
b - Dragon Form           Tmut           7%         N/A       100%        7

Your spell library contained the following spells:

 Spells                   Type           Power      Damage    Failure   Level
 Animate Skeleton         Necr           2%         N/A       19%         1
 Foxfire                  Conj/Fire      4%         2x1d4     19%         1
 Shock                    Conj/Air       4%         1d3       19%         1
 Slow                     Hex            4%         N/A       19%         1
 Gell's Gravitas          Tloc           9%         N/A       19%         3
 Lesser Beckoning         Tloc           9%         N/A       19%         3
 Teleport Other           Tloc           9%         N/A       19%         3
 Scorch                   Fire           2%         2d5       28%         2
 Conjure Flame            Conj/Fire      1%         6-21      50%         3
 Inner Flame              Hex/Fire       1%         N/A       50%         3
 Swiftness                Air            1%         N/A       50%         3
 Blade Hands              Tmut           7%         N/A       63%         5
 Manifold Assault         Tloc           9%         N/A       87%         5
 Airstrike                Air            0%         N/A       89%         4
 Flame Wave               Conj/Fire      1%         2d4       89%         4
 Irradiate                Conj/Tmut      4%         3d15      91%         5
 Summon Cactus Giant      Summ           0%         N/A       100%        6


Dungeon Overview and Level Annotations

Branches:
Dungeon (11/15)            Temple (1/1) D:7            Lair (2/6) D:8
Ossuary (visited)
  Swamp: Lair:2-4    Shoals: Lair:2-4     Snake: Lair:2-4    Spider: Lair:2-4
    Orc: D:9-12

Altars:
Ashenzari
Cheibriados
Dithmenos
Elyvilon
Fedhas
Gozag
Hepliaklqana
Kikubaaqudgha
Makhleb
Nemelex Xobeh
Okawaru
Qazlal
Ru
Sif Muna
Uskayaw
Vehumet
Wu Jian
Xom
Yredelemnul
Zin
The Shining One
Beogh
Lugonu

Shops:
D:1 *   D:5 (

Portals:
Abyss: D:5

Annotations:
D:3 2 transporters, Amythir's ghost, amateur GrEE


Innate Abilities, Weirdness & Mutations

You have hoof-like feet.
Spells you cast may paralyse adjacent enemies.
You have a small tail.
Your touch may inflict irresistible damage on your foes.
You have a pair of small antennae on your head.
You have supernaturally acute eyesight. (SInv)
Your spells are a little easier to cast, but a little less powerful.


Message History

A polar bear comes into view.
The death yak bellows!
You see here a blink frog corpse.
A death yak comes into view.
Found a trident.
The death yak bellows!
The basilisk gazes at you. You resist with some effort.
Found an escape hatch in the ceiling.
The death yak misses you. The basilisk completely misses you.
You barely miss the death yak.
The death yak gores you but does no damage.
Aiming: Grand Finale
Press: ? - help, Shift-Dir - straight line, f - death yak
Aim: a death yak
Okay, then.
Unknown command.
The death yak bellows!
You hit the death yak but do no damage. Your kick misses the death yak.
The death yak gores you. The polar bear closely misses you. x3
The basilisk misses you.
You hit the death yak but do no damage.
Lightning courses through the death yak!
You kick the death yak, but do no damage.
Your tail-slap misses the death yak.
The death yak is lightly wounded.
The death yak gores you! The basilisk gazes at you.
You are slowing down.
You hit the death yak.
Lightning courses through the death yak!!
The death yak is heavily wounded.
The death yak gores you!! The death yak gores you.
The basilisk barely misses you.
Your limbs are stiffening.
As you read the scroll of teleportation, it crumbles to dust.
You feel strangely unstable. The death yak gores you!!
The death yak barely misses you. The death yak gores you!! x2
* * * LOW HITPOINT WARNING * * *
The basilisk bites you. The death yak gores you!!
You die...

......$..P###..
<.........#....
.............#
.).........###
#...........#
#.........#
##.lY.....#
#..Y@..††.#
#P...YYh.#.###
##.....P#..#.#
#....####...##
#..>## ##.#.##
....# #..#.##
...# ##....#
... ##..#.##
##....#.#


You could see 4 death yaks, a polar bear and a basilisk.

Vanquished Creatures
  A hydra (D:7)
  Harold (D:8)
  Erica (D:11)
  A two-headed ogre (D:10)
  A deep elf pyromancer (D:11)
  A cyclops (D:11)
  Maggie (Lair:1)
  A komodo dragon (Lair:1)
  A hornet (D:8)
  2 polar bears (Lair:1)
  2 trolls
  Prince Ribbit (Lair:2)
  3 blink frogs (Lair:2)
  Sigmund (D:5)
  A shadow (D:9)
  3 wraiths
  2 wyverns
  2 basilisks
  7 yaks
  3 vampire mosquitoes (D:11)
  An acid dragon (D:9)
  5 water moccasins
  7 orc warriors
  A black bear (Lair:2)
  2 necrophages (D:6)
  2 ice beasts
  3 ogres
  7 centaurs
  5 phantoms
  A bullfrog (D:8)
  A wyvern zombie (D:9)
  A gnoll sergeant (D:11)
  2 scorpions
  3 water moccasin zombies
  8 killer bees
  5 wights (D:9)
  4 howler monkeys
  A crimson imp (D:9)
  2 bullfrog zombies (D:5)
  8 centaur zombies
  A jelly (D:7)
  2 hounds
  2 centaur skeletons (D:7)
  3 orc priests
  8 orc wizards
  Ijyb (D:4)
  An iguana (D:7)
  2 scorpion zombies (D:5)
  2 hound zombies (D:5)
  A hound skeleton (D:4)
  2 mummies (Ossuary)
  A howler monkey zombie (D:8)
  4 gnolls (D:11)
  4 adders
  3 white imps
  8 adder zombies (Ossuary)
  3 worms
  A dart slug (D:3)
  47 orcs
  6 bats
  5 endoplasms
  2 giant cockroaches (D:2)
  4 goblins
  7 hobgoblins
  8 jackals
  3 kobolds
  5 quokkas
  4 ball pythons
  A frilled lizard (D:3)
  4 gnoll zombies (Ossuary)
  6 hobgoblin zombies (Ossuary)
  4 kobold zombies (Ossuary)
  4 orc zombies (Ossuary)
  A quokka skeleton (D:4)
  6 rats
  A lurking horror (D:5)
272 creatures vanquished.

Vanquished Creatures (collateral kills)
  Joseph (D:10)
1 creature vanquished.

Vanquished Creatures (others)
  A fungus (Lair:2)
  A plant (Lair:2)
  2 withered plants (D:3)
4 creatures vanquished.

Grand Total: 277 creatures vanquished

Notes
Turn   | Place    | Note
-------+----------+-------------------------------------------
     0 | D:1      | frimble the Demonspawn Warper began the quest for the Orb.
     0 | D:1      | Reached XP level 1. HP: 16/16 MP: 3/3
   364 | D:1      | Reached skill level 2 in Short Blades
   434 | D:1      | Discovered your monstrous ancestry.
   434 | D:1      | Gained mutation: You have large cloven feet. [demonic
                  | ancestry]
   434 | D:1      | Reached XP level 2. HP: 22/22 MP: 5/5
  1159 | D:1      | Found Vesy's Assorted Antiques.
  1707 | D:2      | Reached skill level 1 in Unarmed Combat
  1845 | D:2      | Found a faded altar of an unknown god.
  1853 | D:2      | Gained mutation: You have hoof-like feet. [demonic
                  | ancestry]
  1853 | D:2      | Reached XP level 3. HP: 27/27 MP: 6/6
  2577 | D:2      | Identified the +6 dagger of Conscience {antimagic, Int+5}
  2658 | D:2      | Gained mutation: Spells you cast may paralyse adjacent
                  | enemies. [demonic ancestry]
  2658 | D:2      | Reached XP level 4. HP: 18/33 MP: 7/7
  3262 | D:3      | Found an ancient bone altar of Kikubaaqudgha.
  3290 | D:3      | Found a transporter.
  3292 | D:3      | Found a transporter.
  3293 | D:3      | Noticed Amythir's ghost (amateur GrEE)
  3293 | D:3      | Identified the +6 dire flail of the Wasteland {spect, Drain
                  | rElec rPois Str+3 Int+2}
  3293 | D:3      | Noticed an ogre
  3294 | D:3      | Noticed an ogre
  3304 | D:3      | Found a snail-covered altar of Cheibriados.
  3339 | D:3      | Found a shimmering blue altar of Sif Muna.
  3566 | D:3      | Reached skill level 1 in Stealth
  3868 | D:3      | Gained mutation: You have a small tail. [demonic ancestry]
  3868 | D:3      | Reached XP level 5. HP: 38/38 MP: 2/8
  3918 | D:4      | Reached skill level 3 in Short Blades
  4069 | D:4      | Found a sand-covered staircase.
  4098 | Ossuary  | Entered an ossuary
  4245 | Ossuary  | Reached XP level 6. HP: 28/44 MP: 3/9
  4523 | Ossuary  | HP: 2/44 [mummy (15)]
  5062 | D:4      | Noticed Ijyb
  5078 | D:4      | Killed Ijyb
  5079 | D:4      | Reached skill level 4 in Short Blades
  5527 | D:5      | Entered Level 5 of the Dungeon
  5535 | D:5      | Identified the ring "Ecrizos" {Fly rF- rN++ SInv Stlth+}
  5870 | D:5      | Found Ifrefera's Weapon Boutique.
  5878 | D:5      | Noticed an ice beast
  5890 | D:5      | Killed an ice beast
  5891 | D:5      | Reached XP level 7. HP: 21/50 MP: 3/10
  5898 | D:5      | Gained mutation: Your spells are a little easier to cast,
                  | but a little less powerful. [potion of mutation]
  5898 | D:5      | Gained mutation: You have a pair of small antennae on your
                  | head. [potion of mutation]
  5898 | D:5      | Gained mutation: You have supernaturally acute eyesight.
                  | (SInv) [potion of mutation]
  6189 | D:5      | Noticed Sigmund
  6204 | D:5      | Killed Sigmund
  6205 | D:5      | Reached skill level 5 in Short Blades
  6205 | D:5      | Reached skill level 5 in Stealth
  6609 | D:5      | Found a one-way gate to the infinite horrors of the Abyss.
  6616 | D:5      | Found a corrupted altar of Lugonu.
  6845 | D:5      | Reached XP level 8. HP: 45/56 MP: 3/11
  7005 | D:5      | Reached skill level 6 in Short Blades
  7440 | D:5      | Found a basalt altar of Yredelemnul.
  7957 | D:3      | Got Sif Muna's Volume of Heat
  7959 | D:3      | Got Sif Muna's Catalogue of Necromancy
  7962 | D:3      | Got Sif Muna's Guide on the Oath
  8130 | D:6      | Identified a scroll of acquirement
  8130 | D:6      | Acquired the +10 rapier "Voeshaun" {elec, Drain rElec rC+}
  8335 | D:6      | Reached skill level 7 in Short Blades
  8779 | D:7      | Noticed an eight-headed hydra
  8783 | D:7      | Learned a level 2 spell: Blink
  9109 | D:7      | Reached skill level 1 in Evocations
  9249 | D:7      | Gained mutation: Your touch may inflict minor irresistible
                  | damage on your foes. [demonic ancestry]
  9249 | D:7      | Reached XP level 9. HP: 61/61 MP: 12/12
  9333 | D:8      | Noticed Harold
  9342 | D:8      | Killed Harold
  9343 | D:8      | Reached skill level 8 in Short Blades
  9526 | D:8      | Reached skill level 5 in Evocations
  9545 | D:8      | Upgraded the game from 0.28-a0-1374-ga75cb3825e to
                  | 0.28-a0-1382-g92835e5c71
  9729 | D:9      | Reached skill level 9 in Short Blades
  9942 | D:8      | Reached skill level 1 in Armour
 10082 | D:8      | Found a staircase to the Lair.
 10463 | D:7      | Reached XP level 10. HP: 71/71 MP: 13/13
 10560 | D:7      | Found a staircase to the Ecumenical Temple.
 10792 | D:7      | HP: 2/71 [eight-headed hydra (5)]
 11231 | D:7      | Killed an eight-headed hydra
 11486 | Temple   | Entered the Ecumenical Temple
 11521 | Temple   | Became a worshipper of Uskayaw the Reveller
 11682 | D:9      | Reached * piety under Uskayaw
 11690 | D:9      | Reached ** piety under Uskayaw
 11693 | D:9      | Reached skill level 1 in Invocations
 11693 | D:9      | Reached *** piety under Uskayaw
 11836 | D:9      | Found a shadowy altar of Dithmenos.
 11842 | D:9      | Reached skill level 1 in Shields
 12334 | D:9      | Reached skill level 5 in Fighting
 12388 | D:9      | Found a shimmering altar of Xom.
 12389 | D:9      | Found a shimmering altar of Xom.
 12389 | D:9      | Found a shimmering altar of Xom.
 12503 | D:9      | Found a burning altar of Makhleb.
 12857 | D:9      | Found a sacrificial altar of Ru.
 13016 | D:10     | Entered Level 10 of the Dungeon
 13024 | D:10     | Found an iron altar of Okawaru.
 13074 | D:10     | Learned a level 7 spell: Dragon Form
 13080 | D:10     | Noticed a two-headed ogre
 13090 | D:10     | Killed a two-headed ogre
 13091 | D:10     | Reached skill level 1 in Transmutations
 13582 | D:10     | Reached skill level 10 in Short Blades
 13754 | D:10     | Noticed Joseph
 13765 | D:10     | Killed Joseph
 14127 | D:11     | Reached **** piety under Uskayaw
 14183 | D:11     | Gained mutation: Your touch may inflict irresistible damage
                  | on your foes. [demonic ancestry]
 14183 | D:11     | Reached XP level 11. HP: 81/81 MP: 14/14
 14386 | D:11     | Noticed Erica
 14396 | D:11     | Killed Erica
 14397 | D:11     | Reached skill level 5 in Invocations
 14398 | D:11     | Noticed a deep elf pyromancer
 14400 | D:11     | Reached ***** piety under Uskayaw
 14410 | D:11     | Killed a deep elf pyromancer
 15043 | Lair:1   | Entered Level 1 of the Lair of Beasts
 15238 | Lair:1   | Reached ****** piety under Uskayaw
 15531 | Lair:1   | Noticed Maggie
 15545 | Lair:1   | Killed Maggie
 15905 | Lair:2   | Noticed Prince Ribbit
 15914 | Lair:2   | Killed Prince Ribbit
 15923 | Lair:2   | Noticed a death yak
 15923 | Lair:2   | Noticed a death yak
 15923 | Lair:2   | Noticed a death yak
 15924 | Lair:2   | Noticed a death yak
 15931 | Lair:2   | Slain by a death yak

Illustrated notes

Levels and vault maps discovered:
D:1:      lemuel_arrival_room, layout_basic, serial_shops, nicolae_shop_stone,
          serial_forest, infiniplex_forest_corner_2,
          infiniplex_forest_clump_double, infiniplex_forest_clump_double,
          infiniplex_forest_straight_2, infiniplex_forest_end_2,
          infiniplex_forest_end_2, infiniplex_forest_zigzag_1,
          infiniplex_forest_lined_3, hangedman_feature_mirror,
          palyth_stone_intersect, chequers_serial_rivers_small_b,
          grunt_decor_mini_mirrors, st_stairs_6
D:2:      minmay_evil_eye, layout_basic,
          shapermc_ecumenical_altar_starsandcircs, minmay_misc_feat_four_crosses
D:3:      layout_basic, kiku_gazebo_garden_becter,
          nicolae_sif_muna_little_library, nicolae_overflow_crystal_walls,
          gammafunk_ghost_smash
D:4:      layout_cave_pools, nicolae_ossuary_entry_false_entrances, uniq_ijyb
D:5:      layout_rooms, zin_treasury, nicolae_yredelemnul_corpse_copse,
          serial_shops, nicolae_shop_trees, amcnicky_altar_lugonu_corruption,
          uniq_sigmund
D:6:      layout_loops_corners, grunt_decor_cap
D:7:      layout_loops_corners, temple_statues
D:8:      layout_rooms, lair_entry_dummy, special_room [special_room_orc],
          uniq_harold
D:9:      layout_small_grid, grunt_dithmenos_shadows, xom_shifter_show,
          mainiacjoe_overflow_alcove_4, nicolae_ru_the_path_less_chosen,
          minmay_fire_ice_demons
D:10:     wander_river, layout_loops_cross, mainiacjoe_overflow_small_starburst,
          nicolae_concentric_dashed_squares_wild, uniq_joseph
D:11:     layout_layer_cave, uniq_erica
Temple:   minmay_temple_bridge_abc
Lair:1:   layout_cave_pods, cheibrodos_lair_lostbears, lemuel_fruit_fields,
          uniq_maggie
Lair:2:   layout_cave_pods, nicolae_spider_entry_orb_guardian,
          grunt_megastairs_2, lemuel_fruit_tree, serial_bayou_shore_b,
          lemuel_fruit_fields, uniq_prince_ribbit2

Skill      XL: |  1  2  3  4  5  6  7  8  9 10 11 |
---------------+----------------------------------+-----
Short Blades   | 2 3 4 5 7 9 10 | 10.8
Dodging        | 2 3 |  3.0
Unarmed Combat | 1 |  1.8
Stealth        | 1 3 4 5 7 |  7.3
Evocations     | 1 5 |  5.0
Fighting       | 3 5 7 |  7.3
Armour         | 1 2 |  2.9
Invocations    | 4 7 |  7.3
Shields        | 3 4 |  4.0
Transmutations | 2 4 |  4.5
Throwing       | |  0.8
Spellcasting   | |  2.0
Translocations | |  2.6

Action                   |  1- 3 |  4- 6 |  7- 9 | 10-12 || total
-------------------------+-------+-------+-------+-------++-------
Melee: Short sword       |    67 |       |       |       ||    67
       Rapier            |    75 |       |   103 |   264 ||   442
       Kick              |    20 |    53 |    45 |    55 ||   173
       Dagger            |       |   225 |   144 |       ||   369
       Punch             |       |     2 |     2 |     2 ||     6
       Tailslap          |       |    17 |    29 |    16 ||    62
       Touch             |       |       |     8 |    41 ||    49
Throw: Throwing net      |       |       |     4 |     1 ||     5
       Boomerang         |       |       |       |     8 ||     8
 Cast: Blink             |       |       |     2 |     3 ||     5
Evoke: Wand              |       |     1 |     2 |     9 ||    12
       Phantom mirror    |       |       |       |     1 ||     1
  Use: Scroll            |       |     7 |     2 |    18 ||    27
       Potion            |       |       |     4 |     1 ||     5
 Stab: Sleeping          |       |     3 |    13 |     7 ||    23
       Paralysed         |       |       |       |    16 ||    16
Armor: Leather armour    |    43 |    60 |    29 |    10 ||   142
       Troll leather arm |       |       |       |     7 ||     7
Dodge: Dodged            |    70 |   117 |   123 |   220 ||   530
Block: Buckler           |       |       |       |     2 ||     2

Table legend: (Time is in decaauts)
 A = Elapsed time spent in this place.
 B = Non-inter-level travel time spent in this place.
 C = Inter-level travel time spent in this place.
 D = Time resting spent in this place.
 E = Time spent auto-exploring this place.
 F = Levels seen in this place.
 G = Mean time per level.
                   A        B        C        D        E       F      G
               +--------+--------+--------+--------+--------+-----+--------+
         Total |  15796 |  14930 |    866 |    679 |  12258 |  15 | 1053.1 |
       Dungeon |  13992 |  13176 |    816 |    679 |  10775 |  11 | 1272.0 |
        Temple |     56 |     35 |     21 |      0 |     19 |   1 |   56.0 |
          Lair |    862 |    834 |     28 |      0 |    707 |   2 |  431.0 |
       Ossuary |    884 |    884 |      0 |      0 |    757 |   1 |  884.0 |
               +--------+--------+--------+--------+--------+-----+--------+

Top non-repeatable levels by time:
     D:5: 1967 daAuts
     D:1: 1785 daAuts
     D:6: 1633 daAuts
     D:9: 1429 daAuts
     D:7: 1164 daAuts
     D:2: 1162 daAuts
    D:10: 1159 daAuts
     D:8: 1088 daAuts
     D:3: 1005 daAuts
 Ossuary: 884 daAuts
    D:11: 823 daAuts
  Lair:1: 814 daAuts
     D:4: 772 daAuts
  Temple: 56 daAuts
  Lair:2: 47 daAuts
